Construct Section Command Post
Selects Indian Artillery Battlegroup
Selects Gurkha Rifles Section
Construct Platoon Command Post
6-pounder Anti-tank Gun Team
Selects Towed ML 4.2-inch Heavy Mortar
Unlock M3 Stuart Light Tanks
Towed ML 4.2-inch Heavy Mortar
Construct Company Command Post
Unlock Bishop Self-propelled Artillery
Unlock Towed 17-pounder Anti-tank Guns
17-pounder Anti-tank Gun Team
Selects Off-map Airburst Barrage